 Dungeon Crawl Stone Soup version 0.29.1-2-gbd0b4ee654 (webtiles) character file.

Game seed: 688463582002070779

4 Powertoast the Shooter (level 1, 18/18 HPs)
             Began as a Minotaur Hunter on Oct 26, 2022.
             Quit the game on level 1 of the Dungeon.
             The game lasted 00:00:32 (48 turns).

Powertoast the Shooter (Minotaur Hunter)              Turns: 48, Time: 00:00:32

Health: 18/18      AC:  3    Str: 15    XL:     1   Next: 58%
Magic:  0/0        EV: 12    Int:  6    God:
Gold:   0          SH:  0    Dex: 13    Spells: 0/0 levels left

rFire   . . .      SeeInvis .   a - +0 shortbow
rCold   . . .      Faith    .   (shield currently unavailable)
rNeg    . . .      Spirit   .   c - +0 leather armour
rPois   .          Reflect  .   (helmet restricted)
rElec   .          Harm     .   (no cloak)
rCorr   .          Rampage  .   (no gloves)
Will    .....                   (no boots)
Stlth   +.........              (no amulet)
HPRegen 0.06/turn               (no ring)
MPRegen 0.07/turn               (no ring)

@: no status effects
A: horns 2, retaliatory headbutt
a: no special abilities


You were on level 1 of the Dungeon.
You visited 1 branch of the dungeon, and saw 1 of its levels.

Inventory:

Hand Weapons
 a - a +0 shortbow (weapon)
Armour
 c - a +0 leather armour (worn)
Scrolls
 b - a scroll of immolation
 d - a scroll of poison {unknown}


   Skills:
 + Level 2.5 Fighting
 + Level 4.4 Ranged Weapons
 + Level 2.3 Dodging
 + Level 1.0 Stealth


You couldn't memorise any spells.
You didn't know any spells.
Your spell library was empty.

Dungeon Overview and Level Annotations

Branches:
Dungeon (1/15)

Altars:


Innate Abilities, Weirdness & Mutations

You have a pair of horns on your head.
You reflexively headbutt those who attack you in melee.


Message History

You kill the goblin!
A quokka comes into view.
You shoot an arrow. The arrow misses the quokka.
You shoot an arrow.
The arrow hits the quokka but does no damage.
You hear an angry hiss.
The quokka misses you.
Really attack while wielding your +0 shortbow?
You miss the quokka.
The quokka bites you but does no damage.
A frilled lizard comes into view.
The quokka barely misses you.
Fire: a) +0 shortbow
Press: ? - help, Q - select action Shift-Dir - straight line, f/p - quokka
Aim: a quokka (50% to hit)
You shoot an arrow. The arrow closely misses the quokka.
The quokka bites you but does no damage.
Fire: a) +0 shortbow
Press: ? - help, Q - select action Shift-Dir - straight line, f/p - quokka
Aim: a quokka (50% to hit)
You shoot an arrow. The arrow barely misses the quokka.
The arrow hits the frilled lizard.
The frilled lizard is heavily wounded.
The quokka closely misses you. The quokka misses you.
Unknown command.
You shoot an arrow. The arrow closely misses the quokka.
The quokka bites you but does no damage.
The quokka bites you.
You shoot an arrow. The arrow misses the quokka.
The quokka closely misses you.
You shoot an arrow. The arrow hits the quokka.
The quokka is almost dead.
The quokka closely misses you. The quokka misses you.
You shoot an arrow. The arrow hits the quokka.
You kill the quokka!
You hear an angry hiss.
You shoot an arrow. The arrow hits the frilled lizard!
You kill the frilled lizard!
Your Stealth skill increases to level 1!
No target in view!
Are you sure you want to abandon this character and quit the game? (Confirm with "yes".)

##..# #.# #...
###..# #.# #..
...#.# #.# #..
..###.##.#### #.#
..## #......# #.#
...##.#####.###.#
......# #.....#
..8...# #####.###
......# #.†.@.#
...#..# #.###)#
......# ... ...
.###.## ### .##.#
.. ... .# .. ...
.. ## #. .###


There were no monsters in sight!

Vanquished Creatures
  A ball python (D:1)
  A goblin (D:1)
  A quokka (D:1)
  A frilled lizard (D:1)
4 creatures vanquished.

Notes
Turn   | Place    | Note
-------+----------+-------------------------------------------
     0 | D:1      | Powertoast the Minotaur Hunter began the quest for the Orb.
     0 | D:1      | Reached XP level 1. HP: 18/18 MP: 0/0
    48 | D:1      | Reached skill level 1 in Stealth
    48 | D:1      | Quit the game

Illustrated notes

Levels and vault maps discovered:
D:1:      grunt_arrival_lava_bath, layout_loops_ring,
          hellmonk_ecumenical_altar_lost_god, chequers_serial_rivers_micro_c

Skill      XL: |  1 |
---------------+----+-----
Stealth        | 1 |  1.0
Fighting       | |  2.5
Ranged Weapons | |  4.4
Dodging        | |  2.3

Action                   || total
-------------------------++-------
Melee: Shortbow          ||     1
 Fire: Shortbow          ||    11
Armor: Leather armour    ||     3
Dodge: Dodged            ||     7
